 Dungeon Crawl Stone Soup version 0.26.0-41-g79a4fc7684 (webtiles) character file.

Game seed: 8083663096777226326

24 Doot the Magician (level 2, 17/21 HPs)
             Began as a Palentonga Hedge Wizard on Jan 23, 2021.
             Quit the game on level 2 of the Dungeon on Jan 26, 2021.
             The game lasted 00:03:09 (1519 turns).

Doot the Magician (Palentonga Hedge Wizard)         Turns: 1519, Time: 00:03:10

Health: 17/21      AC:  4    Str: 13    XL:     2   Next: 79%
Magic:  4/6        EV: 10    Int: 14    God:
Gold:   52         SH:  0    Dex:  9    Spells: 7/8 levels left

rFire    . . .     SeeInvis +   a - +0 dagger
rCold    . . .     Faith    .   (no shield)
rNeg     . . .     Spirit   .   b - +0 robe
rPois    .         Reflect  .   c - +0 hat
rElec    .         Harm     .   (no cloak)
rCorr    .         Rampage  .   (no gloves)
Will     .....                  (no barding)
Stlth    +.........             (no amulet)
HPRegen  0.07/turn              (no ring)
MPRegen  0.10/turn              (no ring)

@: no status effects
A: large, rugged brown scales 3, see invisible, deformed body, roll 1, armoured
tail
a: Rolling Charge


You were on level 2 of the Dungeon.
You visited 1 branch of the dungeon, and saw 2 of its levels.

You collected 52 gold pieces.

Inventory:

Hand Weapons
 a - a +0 dagger (weapon)
Armour
 b - a +0 robe (worn)
 c - a +0 hat (worn)
Scrolls
 d - 2 scrolls of teleportation {unknown}
 e - a scroll of blinking {unknown}
 g - a scroll of remove curse {unknown}
 h - a scroll of enchant armour {unknown}
Potions
 f - 2 potions of curing {unknown}


   Skills:
 + Level 0.2 Short Blades
 + Level 1.9 Dodging
 + Level 1.5 Stealth
 + Level 3.5 Spellcasting
 + Level 1.0 Conjurations
 + Level 0.7 Summonings
 + Level 1.0 Translocations


You had 7 spell levels left.
You knew the following spells:

 Your Spells              Type           Power        Failure   Level
a - Magic Dart            Conj           20%          14%         1

Your spell library contained the following spells:

 Spells                   Type           Power        Failure   Level
 Blink                    Tloc           N/A          21%         2
 Call Imp                 Summ           4%           22%         2
 Slow                     Hex            2%           30%         2
 Conjure Flame            Conj/Fire      3%           45%         3
 Mephitic Cloud           Conj/Pois/Air  3%           47%         3


Dungeon Overview and Level Annotations

Branches:
Dungeon (2/15)

Altars:


Innate Abilities, Weirdness & Mutations

You are completely covered in rugged brown scales. (AC +3, +7% HP)
You have supernaturally acute eyesight. (SInv)
Armour fits poorly on your strangely shaped body.
You can roll at nearby foes to attack.
You have a long armoured tail.


Message History

A bat comes into view.
A bat is nearby!
A bat is nearby!
A bat is nearby!
Aiming: Magic Dart (safe; 14% risk of failure)
Press: ? - help, Q - select action, (/) - cycle Shift-Dir - straight line, f - bat
Aim: a bat (0% to evade)
The magic dart hits the bat.
The bat is heavily wounded.
The bat completely misses you. The bat hits you but does no damage.
Aiming: Magic Dart (safe; 14% risk of failure)
Press: ? - help, Q - select action, (/) - cycle Shift-Dir - straight line, f/p - bat
Aim: a bat (heavily wounded, 0% to evade)
The magic dart hits the bat.
You kill the bat!
Unknown command.
Saving game... please wait.
Welcome back, Doot the Palentonga Hedge Wizard.
Press ? for a list of commands and other information.
Are you sure you want to abandon this character and quit the game? (Confirm with "yes".)

# +(. .#.#
#...#######....#
........@†.....#
#####))†......#
#<##......# ###
.....†# ....#.#
.#.## # .#.#
....


There were no monsters in sight!

Vanquished Creatures
  A dart slug (D:1)
  5 goblins
  6 hobgoblins
  3 bats
  A frilled lizard (D:2)
  2 kobolds
  3 rats (D:1)
21 creatures vanquished.

Notes
Turn   | Place    | Note
-------+----------+-------------------------------------------
     0 | D:1      | Doot the Palentonga Hedge Wizard began the quest for the
                  | Orb.
     0 | D:1      | Reached XP level 1. HP: 14/14 MP: 4/4
   496 | D:1      | Reached XP level 2. HP: 21/21 MP: 6/6
  1357 | D:1      | Upgraded the game from 0.26.0-18-gc5c842f807 to
                  | 0.26.0-20-g3ca415f5b8
  1390 | D:2      | Reached skill level 1 in Conjurations
  1519 | D:2      | Upgraded the game from 0.26.0-20-g3ca415f5b8 to
                  | 0.26.0-41-g79a4fc7684
  1519 | D:2      | Quit the game

Illustrated notes

Levels and vault maps discovered:
D:1:      dpeg_arrival_tiny_g, layout_basic
D:2:      minmay_roachtagon, layout_basic, overflow_temple_1_default,
          serial_forest, infiniplex_forest_end_3,
          infiniplex_forest_lined_room_2, infiniplex_forest_clump_tiny,
          infiniplex_forest_lined_room_, infiniplex_forest_clump_long

Skill      XL: |  1  2 |
---------------+-------+-----
Conjurations   | 1 |  1.0
Short Blades   | |  0.2
Dodging        | |  1.9
Stealth        | |  1.5
Spellcasting   | |  3.5
Summonings     | |  0.7
Translocations | |  1.0

Action                   || total
-------------------------++-------
Melee: Dagger            ||    33
       Tailslap          ||     3
 Cast: Magic Dart        ||    36
 Abil: Rolling Charge    ||     7
Armor: Robe              ||    14
Dodge: Dodged            ||    19
